 Dungeon Crawl Stone Soup version 0.29-a0-838-g385bb11a5b (webtiles) character file.

Game seed: 16467962844916748869

49 IdlyInterested the Cudgeller (level 3, -4/27 HPs)
             Began as a Demonspawn Gladiator on July 13, 2022.
             Slain by a gnoll
             ... wielding a +0 spear
              (5 damage)
             ... on level 2 of the Dungeon.
             The game lasted 00:04:42 (1215 turns).

IdlyInterested the Cudgeller (Demonspawn Gladiator) Turns: 1215, Time: 00:04:42

Health: -4/27      AC: 10    Str: 14    XL:     3   Next: 53%
Magic:  3/3        EV:  7    Int:  9    God:
Gold:   33         SH:  0    Dex: 16    Spells: 2/2 levels left

rFire   . . .      SeeInvis .   a - +1 flail
rCold   . . .      Faith    .   (no shield)
rNeg    . . .      Spirit   .   m - +0 chain mail
rPois   .          Reflect  .   c - +0 helmet
rElec   .          Harm     .   (no cloak)
rCorr   .          Rampage  .   n - +0 pair of gloves
Will    .....                   (no boots)
Stlth   ..........              (no amulet)
HPRegen 0.09/turn               (no ring)
MPRegen 0.08/turn               (no ring)

@: flying
A: claws 1
a: no special abilities


You were on level 2 of the Dungeon.
You visited 1 branch of the dungeon, and saw 2 of its levels.

You collected 33 gold pieces.

Inventory:

Hand Weapons
 a - a +1 flail (weapon)
Missiles
 d - 3 throwing nets (quivered)
 e - a javelin
 p - 2 curare-tipped darts
Armour
 b - a +0 leather armour
 c - a +0 helmet (worn)
 m - a +0 chain mail (worn)
 n - a +0 pair of gloves (worn)
Potions
 f - a potion of cancellation
 j - a potion of berserk rage {unknown}
 k - a potion of curing {unknown}
 l - a potion of brilliance


   Skills:
 - Level 2.0 Fighting
 + Level 3.0 Maces & Flails
 - Level 2.0 Throwing
 * Level 1.8 Armour
 - Level 2.6 Dodging
 * Level 1.3 Unarmed Combat


You had 2 spell levels left.
You didn't know any spells.
Your spell library contained the following spells:

 Spells                   Type           Power      Damage    Failure   Level
 Passage of Golubria      Tloc           0%         N/A       100%        4
 Silence                  Hex/Air        0%         N/A       100%        5
 Lehudib's Crystal Spear  Conj/Erth      0%         10d2      100%        8


Dungeon Overview and Level Annotations

Branches:
Dungeon (2/15)

Altars:


Innate Abilities, Weirdness & Mutations

You have sharp fingernails.


Message History

You feel agile. x2
You sock the gnoll!
The gnoll is heavily wounded.
The gnoll hits you with a +4 flail. The gnoll hits you but does no damage.
You sock the gnoll!
You kill the gnoll!
The gnoll hits you from afar with a +0 spear.
Your Unarmed Combat skill increases to level 1!
You closely miss the gnoll. The gnoll closely misses you.
The gnoll hits you from afar with a +0 spear.
The gnoll closely misses you. The hobgoblin hits you.
The gnoll barely misses you.
You sock the gnoll!
The gnoll is heavily wounded.
The hobgoblin barely misses you. The gnoll barely misses you.
The gnoll hits you but does no damage.
You sock the gnoll!
You kill the gnoll!
The hobgoblin hits you but does no damage.
The gnoll throws a throwing net.
The throwing net completely misses you. The gnoll barely misses you.
The gnoll hits you with a +0 spear.
* * * LOW HITPOINT WARNING * * *
Things that are here:
a +0 flail; a gnoll corpse It was a potion of flight.
You feel very buoyant.
You fly up into the air.
The hobgoblin barely misses you. The gnoll barely misses you.
The gnoll hits you but does no damage.
You hit the gnoll.
The gnoll is heavily wounded.
The hobgoblin hits you but does no damage.
The gnoll hits you but does no damage. x2
You closely miss the gnoll.
The gnoll is heavily wounded.
The hobgoblin hits you.
* * * LOW HITPOINT WARNING * * *
The gnoll hits you with a +0 club.
* * * LOW HITPOINT WARNING * * *
The gnoll hits you with a +0 spear.
You die...

# .#. ##... .....
...... #...... .
#####.......
...####)..<.......
.......g@g........
.......g).........
.......####...####
..!..## .### ..(#
## .#


You could see 2 gnolls and a hobgoblin.

Vanquished Creatures
  2 gnolls (D:2)
  A bat (D:1)
  An endoplasm (D:1)
  A giant cockroach (D:1)
  7 goblins (D:1)
  4 hobgoblins
  4 jackals (D:1)
  A quokka (D:1)
  A kobold (D:1)
  2 rats (D:1)
24 creatures vanquished.

Notes
Turn   | Place    | Note
-------+----------+-------------------------------------------
     0 | D:1      | IdlyInterested the Demonspawn Gladiator began the quest for
                  | the Orb.
     0 | D:1      | Reached XP level 1. HP: 16/16 MP: 1/1
   288 | D:1      | Reached skill level 1 in Armour
   288 | D:1      | Discovered your monstrous ancestry.
   288 | D:1      | Gained mutation: You have sharp fingernails. [demonic
                  | ancestry]
   288 | D:1      | Reached XP level 2. HP: 22/22 MP: 2/2
  1002 | D:1      | Reached skill level 3 in Maces & Flails
  1207 | D:2      | Reached XP level 3. HP: 27/27 MP: 3/3
  1209 | D:2      | Reached skill level 1 in Unarmed Combat
  1215 | D:2      | HP: 1/27 [gnoll/+0 club (3)]
  1215 | D:2      | Slain by a gnoll

Illustrated notes

Levels and vault maps discovered:
D:1:      spicycebolla_arrival_xxxplode, layout_basic
D:2:      layout_rooms, shapermc_ecumenical_altar_mp_highgroup, uniq_terence

Skill      XL: |  1  2  3 |
---------------+----------+-----
Throwing       | 2 |  2.0
Armour         | 1 |  1.8
Maces & Flails | 3 |  3.0
Unarmed Combat | 1 |  1.3
Fighting       | |  2.0
Dodging        | |  2.6

Action                   || total
-------------------------++-------
Melee: Flail             ||    87
       Punch             ||     2
  Use: Scroll            ||     5
       Potion            ||     1
 Stab: Sleeping          ||     1
Armor: Leather armour    ||    32
       Chain mail        ||    16
Dodge: Dodged            ||    65

Table legend: (Time is in decaauts)
 A = Elapsed time spent in this place.
 B = Non-inter-level travel time spent in this place.
 C = Inter-level travel time spent in this place.
 D = Time resting spent in this place.
 E = Time spent auto-exploring this place.
 F = Levels seen in this place.
 G = Mean time per level.
                   A        B        C        D        E       F      G
               +--------+--------+--------+--------+--------+-----+--------+
         Total |   1237 |   1216 |     21 |    160 |    780 |   2 |  618.5 |
       Dungeon |   1237 |   1216 |     21 |    160 |    780 |   2 |  618.5 |
               +--------+--------+--------+--------+--------+-----+--------+

Top non-repeatable levels by time:
     D:1: 1222 daAuts
     D:2: 14 daAuts
